[ AOE2 MATCH · #505761650 ]
UnrankedAztecs vs Bengalis
Player's team · WIN
Rival team · LOSS
[ REPLAY ANALYSIS · EXTRACTED FROM THE RECORDED GAME ]
Feudal
10:34
Castle
18:53
Imperial
33:44
| APM avg | 65.5 |
| APM peak | 109 |
| eAPM avg | 38.4 |
| Villagers / military | 133 / 78 |
Focus
⚔️ 46.8% · 🌾 53.2%
Monk ×56 · Trebuchet (Packed) ×8 · Archer ×7 · Militia ×5 · Battering Ram ×2
Feudal
11:50
Castle
15:30
Imperial
—
| APM avg | 59.1 |
| APM peak | 93 |
| eAPM avg | 33.6 |
| Villagers / military | 99 / 112 |
Focus
⚔️ 56.5% · 🌾 43.5%
Ratha (Ranged) ×102 · Armored Elephant ×6 · Mangonel ×4
Match map
Initial resources + every placement click. Lines = walls · curves = elevation contours. ◆ gold · ⬟ stone · ● berries · ✦ relic · ◌ wall gap
Your base· Open — 5t gap
wR.Monoz's base· Open — 4t gap
Smoothed initial terrain · ◌ = detected wall gap · hover for details
Inputs per minute
— RD | Kiko - - wR.Monoz
Build order — RD | Kiko
First 150 of 361 actions detected
| 0:00 | Create | Villager (Male) |
| 0:01 | Create | Villager (Male) |
| 0:02 | Build | House |
| 0:03 | Build | House |
| 0:08 | Create | Villager (Male) |
| 0:09 | Create | Villager (Male) |
| 1:26 | Create | Villager (Male) |
| 1:26 | Create | Villager (Male) |
| 1:48 | Build | Lumber Camp |
| 1:55 | Create | Villager (Male) |
| 2:19 | Create | Villager (Male) |
| 2:19 | Create | Villager (Male) |
| 2:40 | Create | Villager (Male) |
| 3:18 | Create | Villager (Male) |
| 3:30 | Create | Villager (Male) |
| 3:31 | Create | Villager (Male) |
| 3:49 | Build | House |
| 3:57 | Create | Villager (Male) |
| 3:57 | Create | Villager (Male) |
| 4:29 | Build | Barracks |
| 4:32 | Create | Villager (Male) |
| 4:50 | Build | House |
| 4:55 | Create | Villager (Male) |
| 5:18 | Create | Villager (Male) |
| 5:24 | Create | Militia |
| 5:40 | Create | Villager (Male) |
| 5:44 | Create | Militia |
| 6:08 | Create | Villager (Male) |
| 6:09 | Create | Villager (Male) |
| 6:35 | Create | Villager (Male) |
| 6:44 | Build | House |
| 6:49 | Build | Mill |
| 7:34 | Create | Villager (Male) |
| 7:48 | Research | Loom |
| 7:48 | Research | Loom |
| 8:13 | Research | Feudal Age |
| 8:32 | Create | Militia |
| 8:32 | Create | Militia |
| 8:41 | Build | Mining Camp |
| 8:45 | Create | Militia |
| 8:53 | Build | Farm |
| 9:19 | Create | Villager (Male) |
| 9:26 | Build | House |
| 9:30 | Build | House |
| 9:32 | Build | Palisade Wall |
| 9:33 | Build | Palisade Wall |
| 10:10 | Create | Villager (Male) |
| 10:34 | Age | Feudal Age |
| 10:35 | Build | Archery Range |
| 10:39 | Research | Man-at-Arms (upgrade) |
| 10:39 | Research | Man-at-Arms (upgrade) |
| 10:40 | Research | Double-Bit Axe |
| 10:40 | Research | Double-Bit Axe |
| 10:59 | Create | Villager (Male) |
| 11:11 | Research | Arson |
| 11:12 | Research | Arson |
| 11:13 | Create | Villager (Male) |
| 11:16 | Build | Farm |
| 11:16 | Create | Archer |
| 11:22 | Build | Farm |
| 11:24 | Build | Farm |
| 11:26 | Create | Villager (Male) |
| 11:31 | Create | Villager (Male) |
| 11:33 | Create | Archer |
| 11:52 | Build | Farm |
| 11:57 | Create | Archer |
| 12:09 | Create | Villager (Male) |
| 12:18 | Build | Farm |
| 12:35 | Create | Villager (Male) |
| 12:36 | Build | Farm |
| 12:43 | Create | Archer |
| 12:57 | Build | House |
| 12:59 | Create | Villager (Male) |
| 13:04 | Create | Archer |
| 13:08 | Create | Villager (Male) |
| 13:20 | Build | Farm |
| 13:24 | Build | Farm |
| 13:40 | Create | Villager (Male) |
| 13:46 | Build | House |
| 13:47 | Create | Archer |
| 13:55 | Create | Villager (Male) |
| 14:18 | Build | Blacksmith |
| 14:35 | Create | Villager (Male) |
| 14:48 | Create | Villager (Male) |
| 14:49 | Create | Archer |
| 15:02 | Build | Farm |
| 15:03 | Build | Farm |
| 15:05 | Build | House |
| 16:13 | Research | Castle Age |
| 16:13 | Research | Castle Age |
| 16:15 | Build | Mining Camp |
| 16:29 | Build | Lumber Camp |
| 16:35 | Build | House |
| 16:37 | Build | House |
| 16:39 | Build | House |
| 17:02 | Build | Lumber Camp |
| 17:09 | Research | Gold Mining |
| 17:09 | Research | Gold Mining |
| 17:34 | Create | Villager (Male) |
| 18:42 | Create | Villager (Male) |
| 18:53 | Age | Castle Age |
| 18:55 | Build | Monastery |
| 18:57 | Build | Monastery |
| 19:06 | Research | Bow Saw |
| 19:08 | Create | Villager (Male) |
| 19:10 | Create | Villager (Male) |
| 19:35 | Create | Villager (Male) |
| 19:39 | Create | Monk |
| 19:47 | Create | Villager (Male) |
| 20:00 | Build | Town Center |
| 20:04 | Research | Sanctity |
| 20:04 | Research | Sanctity |
| 20:05 | Research | Fervor |
| 20:05 | Research | Fervor |
| 20:06 | Research | Redemption |
| 20:06 | Research | Redemption |
| 20:21 | Create | Villager (Male) |
| 20:24 | Create | Villager (Male) |
| 20:28 | Build | Monastery |
| 20:39 | Create | Villager (Male) |
| 20:54 | Create | Monk |
| 21:02 | Create | Monk |
| 21:13 | Create | Villager (Male) |
| 21:28 | Create | Monk |
| 21:32 | Create | Monk |
| 21:37 | Create | Villager (Male) |
| 21:40 | Build | Farm |
| 21:40 | Build | Farm |
| 21:40 | Build | Farm |
| 21:41 | Build | Farm |
| 21:41 | Build | Farm |
| 21:41 | Build | Farm |
| 21:50 | Create | Monk |
| 22:02 | Build | Farm |
| 22:13 | Create | Monk |
| 22:26 | Build | Farm |
| 22:27 | Create | Villager (Male) |
| 22:27 | Create | Villager (Male) |
| 22:36 | Build | Town Center |
| 22:41 | Create | Monk |
| 22:42 | Create | Monk |
| 22:42 | Create | Monk |
| 22:49 | Build | Farm |
| 22:54 | Build | Farm |
| 22:55 | Build | Farm |
| 22:59 | Build | Farm |
| 23:00 | Create | Villager (Male) |
| 23:10 | Create | Monk |
| 23:10 | Create | Monk |
| 23:27 | Create | Villager (Male) |
Build order — wR.Monoz
First 150 of 275 actions detected
| 0:00 | Create | Villager (Male) |
| 0:00 | Create | Villager (Male) |
| 0:01 | Create | Villager (Male) |
| 0:02 | Build | House |
| 0:02 | Build | House |
| 0:10 | Create | Villager (Male) |
| 0:10 | Create | Villager (Male) |
| 1:24 | Create | Villager (Male) |
| 1:24 | Create | Villager (Male) |
| 1:49 | Create | Villager (Male) |
| 2:11 | Create | Villager (Male) |
| 2:11 | Create | Villager (Male) |
| 2:27 | Build | House |
| 2:50 | Create | Villager (Male) |
| 3:06 | Create | Villager (Male) |
| 3:33 | Build | Lumber Camp |
| 3:35 | Create | Villager (Male) |
| 3:35 | Create | Villager (Male) |
| 3:53 | Create | Villager (Male) |
| 4:03 | Create | Villager (Male) |
| 4:04 | Create | Villager (Male) |
| 4:23 | Create | Villager (Male) |
| 4:23 | Create | Villager (Male) |
| 4:38 | Research | Loom |
| 4:41 | Build | House |
| 4:54 | Build | House |
| 4:58 | Build | House |
| 4:59 | Create | Villager (Male) |
| 5:08 | Create | Villager (Male) |
| 5:35 | Build | House |
| 5:37 | Build | Palisade Wall |
| 5:49 | Create | Villager (Male) |
| 6:04 | Create | Villager (Male) |
| 6:34 | Create | Villager (Male) |
| 6:36 | Build | Palisade Wall |
| 7:00 | Build | Mill |
| 7:10 | Create | Villager (Male) |
| 7:10 | Create | Villager (Male) |
| 7:17 | Build | Palisade Wall |
| 7:18 | Build | Palisade Wall |
| 7:21 | Build | House |
| 7:21 | Build | Palisade Wall |
| 7:38 | Create | Villager (Male) |
| 7:43 | Build | Palisade Wall |
| 7:43 | Build | Palisade Wall |
| 7:48 | Build | House |
| 7:52 | Build | Palisade Wall |
| 8:01 | Create | Villager (Male) |
| 8:03 | Build | Palisade Wall |
| 8:31 | Build | Palisade Wall |
| 8:33 | Build | Palisade Wall |
| 8:34 | Build | Palisade Wall |
| 8:46 | Create | Villager (Male) |
| 8:47 | Create | Villager (Male) |
| 8:59 | Build | Palisade Wall |
| 9:00 | Build | Palisade Wall |
| 9:04 | Build | House |
| 9:29 | Build | Mining Camp |
| 9:35 | Research | Feudal Age |
| 10:22 | Build | Palisade Gate |
| 10:34 | Create | Villager (Male) |
| 11:24 | Create | Villager (Male) |
| 11:50 | Age | Feudal Age |
| 11:52 | Build | Market |
| 11:57 | Build | Blacksmith |
| 12:02 | Build | Stone Wall |
| 12:03 | Build | Stone Wall |
| 12:18 | Build | Stone Wall |
| 12:50 | Research | Castle Age |
| 12:50 | Research | Castle Age |
| 13:01 | Build | Palisade Wall |
| 13:02 | Build | Palisade Wall |
| 13:09 | Build | Palisade Wall |
| 13:10 | Build | Palisade Wall |
| 13:21 | Build | Farm |
| 13:25 | Build | House |
| 13:29 | Build | Farm |
| 13:41 | Build | House |
| 13:55 | Research | Double-Bit Axe |
| 14:22 | Build | Stone Wall |
| 14:23 | Build | Stone Wall |
| 14:29 | Create | Villager (Male) |
| 14:37 | Build | Stone Wall |
| 14:43 | Build | Stone Wall |
| 14:44 | Build | Stone Wall |
| 14:45 | Build | Stone Wall |
| 14:46 | Build | Stone Wall |
| 14:47 | Build | Stone Wall |
| 15:17 | Create | Villager (Male) |
| 15:30 | Age | Castle Age |
| 15:36 | Build | Castle |
| 15:51 | Build | Farm |
| 16:08 | Build | Farm |
| 16:14 | Build | Farm |
| 16:15 | Build | Farm |
| 16:24 | Create | Villager (Male) |
| 16:24 | Create | Villager (Male) |
| 16:35 | Build | Palisade Gate |
| 16:38 | Build | Palisade Gate |
| 16:41 | Create | Ratha (Ranged) |
| 16:53 | Build | Mining Camp |
| 16:56 | Create | Villager (Male) |
| 17:00 | Build | Farm |
| 17:03 | Build | Farm |
| 17:13 | Build | Farm |
| 17:26 | Create | Villager (Male) |
| 17:45 | Build | Siege Workshop |
| 17:48 | Create | Villager (Male) |
| 17:48 | Create | Villager (Male) |
| 17:54 | Create | Ratha (Ranged) |
| 18:04 | Build | Stone Wall |
| 18:14 | Create | Ratha (Ranged) |
| 18:15 | Create | Ratha (Ranged) |
| 18:31 | Create | Villager (Male) |
| 18:32 | Create | Ratha (Ranged) ×2 |
| 18:41 | Build | Stone Wall |
| 19:02 | Create | Mangonel |
| 19:02 | Create | Mangonel |
| 19:28 | Create | Villager (Male) |
| 19:41 | Create | Mangonel |
| 19:42 | Build | House |
| 19:44 | Create | Villager (Male) |
| 19:44 | Create | Villager (Male) |
| 20:06 | Create | Villager (Male) |
| 20:09 | Create | Ratha (Ranged) |
| 20:21 | Create | Villager (Male) |
| 20:25 | Build | Outpost |
| 20:28 | Research | Bow Saw |
| 20:29 | Research | Bow Saw |
| 21:17 | Create | Villager (Male) |
| 21:33 | Create | Ratha (Ranged) ×4 |
| 21:33 | Create | Ratha (Ranged) ×4 |
| 21:34 | Create | Villager (Male) |
| 21:34 | Create | Villager (Male) |
| 21:34 | Create | Villager (Male) |
| 21:51 | Create | Villager (Male) |
| 21:51 | Create | Villager (Male) |
| 21:58 | Create | Villager (Male) |
| 22:00 | Build | Lumber Camp |
| 22:05 | Build | Monastery |
| 22:08 | Create | Ratha (Ranged) |
| 22:44 | Create | Mangonel |
| 22:50 | Research | Fletching |
| 22:51 | Create | Ratha (Ranged) ×3 |
| 22:59 | Research | Devotion |
| 23:34 | Research | Bodkin Arrow |
| 23:35 | Create | Ratha (Ranged) ×2 |
| 23:35 | Create | Ratha (Ranged) ×2 |
| 23:36 | Build | House |
| 23:48 | Create | Villager (Male) |
Match timeline
| 4:29 | RD | Kiko · first_building Barracks |
| 5:37 | wR.Monoz · wall_segment Palisade Wall x12 |
| 6:36 | wR.Monoz · wall_segment Palisade Wall x1 |
| 7:17 | wR.Monoz · wall_segment Palisade Wall x1 |
| 7:18 | wR.Monoz · wall_segment Palisade Wall x1 |
| 7:21 | wR.Monoz · wall_segment Palisade Wall x1 |
| 7:43 | wR.Monoz · wall_segment Palisade Wall x1 |
| 7:43 | wR.Monoz · wall_segment Palisade Wall x1 |
| 7:52 | wR.Monoz · wall_segment Palisade Wall x1 |
| 8:03 | wR.Monoz · wall_segment Palisade Wall x3 |
| 8:31 | wR.Monoz · wall_segment Palisade Wall x3 |
| 8:33 | wR.Monoz · wall_segment Palisade Wall x5 |
| 8:34 | wR.Monoz · wall_segment Palisade Wall x1 |
| 8:59 | wR.Monoz · wall_segment Palisade Wall x1 |
| 9:00 | wR.Monoz · wall_segment Palisade Wall x1 |
| 9:32 | RD | Kiko · wall_segment Palisade Wall x4 |
| 9:33 | RD | Kiko · wall_segment Palisade Wall x3 |
| 10:34 | RD | Kiko · age_up feudal |
| 10:35 | RD | Kiko · first_building Archery Range |
| 11:50 | wR.Monoz · age_up feudal |
| 12:02 | wR.Monoz · wall_segment Stone Wall x1 |
| 12:03 | wR.Monoz · wall_segment Stone Wall x1 |
| 12:18 | wR.Monoz · wall_segment Stone Wall x1 |
| 12:47 | wR.Monoz · first_market_sell 100 wood |
| 13:01 | wR.Monoz · wall_segment Palisade Wall x1 |
| 13:02 | wR.Monoz · wall_segment Palisade Wall x1 |
| 13:09 | wR.Monoz · wall_segment Palisade Wall x1 |
| 13:10 | wR.Monoz · wall_segment Palisade Wall x1 |
| 14:22 | wR.Monoz · wall_segment Stone Wall x6 |
| 14:23 | wR.Monoz · wall_segment Stone Wall x1 |
| 14:37 | wR.Monoz · wall_segment Stone Wall x1 |
| 14:43 | wR.Monoz · wall_segment Stone Wall x4 |
| 14:44 | wR.Monoz · wall_segment Stone Wall x1 |
| 14:45 | wR.Monoz · wall_segment Stone Wall x1 |
| 14:46 | wR.Monoz · wall_segment Stone Wall x1 |
| 14:47 | wR.Monoz · wall_segment Stone Wall x1 |
| 15:00 | wR.Monoz · first_market_buy 100 stone |
| 15:30 | wR.Monoz · age_up castle |
| 15:36 | wR.Monoz · first_building Castle |
| 17:45 | wR.Monoz · first_building Siege Workshop |
| 18:04 | wR.Monoz · wall_segment Stone Wall x3 |
| 18:41 | wR.Monoz · wall_segment Stone Wall x2 |
| 18:53 | RD | Kiko · age_up castle |
| 18:55 | RD | Kiko · first_building Monastery |
| 22:05 | wR.Monoz · first_building Monastery |
| 24:51 | wR.Monoz · first_building Barracks |
| 25:24 | RD | Kiko · first_building Siege Workshop |
| 26:16 | wR.Monoz · first_building Stable |
| 30:07 | RD | Kiko · first_market_sell 100 wood |
| 33:44 | RD | Kiko · age_up imperial |
| 34:17 | RD | Kiko · first_building Castle |
| 36:29 | RD | Kiko · first_market_buy 100 stone |
| 40:15 | wR.Monoz · resign |
[ AI ANALYSIS · 1 CREDIT ]
What really happened in this match?
Wolo.gg analyzes every decision: build order, eco, micro, common mistakes by bracket. Personalized analysis on WhatsApp or Discord in 30 seconds.
Civ guide
Aztecs
Perfil
Jugador #1516024